 Dungeon Crawl Stone Soup version 0.28.0-49-g6dfe1f597d (webtiles) character file.

Game seed: 700381436455865517

194 bnorton916 the Magician (level 5, -8/28 HPs)
             Began as a Deep Elf Fire Elementalist on May 17, 2022.
             Engulfed by a cloud of steam (12 damage)
             ... on level 3 of the Dungeon.
             The game lasted 00:05:53 (2861 turns).

bnorton916 the Magician (DEFE)                      Turns: 2861, Time: 00:05:54

Health: -8/28      AC:  2    Str: 11    XL:     5   Next: 44%
Magic:  9/14       EV: 12    Int: 22    God:
Gold:   81         SH:  0    Dex: 15    Spells: 8/14 levels left

rFire   . . .      SeeInvis .   (no weapon)
rCold   . . .      Faith    .   (no shield)
rNeg    . . .      Spirit   .   a - +0 robe
rPois   .          Reflect  .   (no helmet)
rElec   .          Harm     .   (no cloak)
rCorr   .          Rampage  .   (no gloves)
Will    .....                   (no boots)
Stlth   +.........              (no amulet)
HPRegen 0.09/turn               k - +6 ring of strength
MPRegen 0.14/turn               (no ring)

@: very slow
A: no striking features
a: no special abilities


You were on level 3 of the Dungeon.
You visited 1 branch of the dungeon, and saw 3 of its levels.

You collected 81 gold pieces.

Inventory:

Hand Weapons
 c - a +0 dagger of pain
Missiles
 e - 33 stones
 o - 3 boomerangs
Armour
 a - a +0 robe (worn)
Jewellery
 k - a +6 ring of strength (left hand)
Scrolls
 b - 4 scrolls of identify {unknown}
 f - a scroll of fear {unknown}
 g - a scroll of noise {unknown}
 j - a scroll of enchant armour {unknown}
 l - a scroll of torment {unknown}
 n - a scroll of fog {unknown}
Potions
 d - a potion of flight {unknown}
 h - a potion of heal wounds {unknown}
 i - a potion of attraction {unknown}
 m - 2 potions of curing {unknown}


   Skills:
 - Level 2.4 Dodging
 - Level 2.4 Stealth
 + Level 5.0 Spellcasting
 + Level 3.4 Conjurations
 + Level 4.8 Fire Magic


You had 8 spell levels left.
You knew the following spells:

 Your Spells              Type           Power      Damage    Failure   Level
a - Foxfire               Conj/Fire      92%        2x1d8     1%          1
b - Scorch                Fire           52%        2d8       2%          2
c - Conjure Flame         Conj/Fire      23%        6-21      5%          3

Your spell library contained the following spells:

 Spells                   Type           Power      Damage    Failure   Level
 Inner Flame              Hex/Fire       16%        N/A       12%         3
 Flame Wave               Conj/Fire      23%        2d7       19%         4


Dungeon Overview and Level Annotations

Branches:
Dungeon (3/15)

Altars:


Message History

The worm is engulfed in a cloud of scalding steam.
You kill the worm!
You enter the shallow water.
Moving in this stuff is going to be slow.
You enter the shallow water.
Moving in this stuff is going to be slow.
A river rat comes into view.
Casting: Foxfire (safe; 1% risk of failure)
Confirm with . or Enter, or press ? or * to list all spells.
Flames lash the river rat.
The river rat is severely wounded.
The river rat's fire resistance burns away.
The river rat is engulfed in a cloud of scalding steam.
A river rat comes into view.
The river rat is engulfed in a cloud of scalding steam.
You kill the river rat!
You are engulfed in a cloud of scalding steam.
Ouch! That really hurt!
The river rat is engulfed in a cloud of scalding steam.
You kill the river rat!
Your Spellcasting skill increases to level 5!
You see here a river rat corpse.
A river rat comes into view.
The river rat moves out of view.
Casting: Scorch (safe; 2% risk of failure)
Confirm with . or Enter, or press ? or * to list all spells.
Flames lash the river rat.
The river rat is almost dead.
The river rat's fire resistance burns away.
You hear the brisk rusting of a drain.
The river rat is engulfed in a cloud of scalding steam.
The river rat bites you.
* * * LOW HITPOINT WARNING * * *
Unknown command.
Casting: Scorch (safe; 2% risk of failure)
Confirm with . or Enter, or press ? or * to list all spells.
Flames lash the river rat.
You kill the river rat!
You are engulfed in a cloud of scalding steam.
You die...

...###
..######################
..........)..)...††....##
..............).####.#..#
####################....#
### #≈≈≈#....# ..# # #
#§#≈#≈...# ..#
≈≈≈≈#≈#§#≈#≈...# ..#
#≈≈≈§@#≈≈≈≈..# ..#
#####≈#≈#≈...# ..#
≈≈#≈≈≈...# ..#
####≈#.?..# ..# #≈≈≈...#
..# #≈≈....# ####...#
#####


There were no monsters in sight!

Vanquished Creatures
  3 gnolls (D:3)
  6 adders
  3 river rats (D:3)
  5 worms
  3 dart slugs
  3 ball pythons
  2 bats
  4 endoplasms
  4 giant cockroaches
  8 goblins
  3 hobgoblins
  3 jackals (D:2)
  7 quokkas
  3 frilled lizards
  3 kobolds
  7 rats
67 creatures vanquished.

Vanquished Creatures (others)
  154 foxfires
154 creatures vanquished.

Grand Total: 221 creatures vanquished

Notes
Turn   | Place    | Note
-------+----------+-------------------------------------------
     0 | D:1      | bnorton916 the Deep Elf Fire Elementalist began the quest
                  | for the Orb.
     0 | D:1      | Reached XP level 1. HP: 10/10 MP: 6/6
   143 | D:1      | Reached XP level 2. HP: 15/15 MP: 5/8
   333 | D:1      | Found a faded altar of an unknown god.
   898 | D:1      | Reached XP level 3. HP: 13/19 MP: 7/10
   996 | D:1      | Learned a level 2 spell: Scorch
  1000 | D:1      | Learned a level 3 spell: Conjure Flame
  1261 | D:2      | Reached skill level 4 in Spellcasting
  1617 | D:2      | Reached XP level 4. HP: 24/24 MP: 10/12
  2654 | D:3      | Reached XP level 5. HP: 22/28 MP: 5/14
  2856 | D:3      | Reached skill level 5 in Spellcasting
  2861 | D:3      | Engulfed by a cloud of steam

Illustrated notes

Levels and vault maps discovered:
D:1:      dpeg_arrival_oval, layout_basic, chequers_ecumenical_altar_island
D:2:      layout_basic, kennysheep_nub
D:3:      layout_rooms, yredelemnul_altar_generic, lightli_sewer_entry_pipes,
          serial_shops, nicolae_shop_bloodbath_and_beyond

Skill      XL: |  1  2  3  4  5 |
---------------+----------------+-----
Conjurations   | 2 3 |  3.4
Fire Magic     | 4 |  4.8
Spellcasting   | 4 5 |  5.0
Dodging        | |  2.4
Stealth        | |  2.4

Action                   |  1- 3 |  4- 6 || total
-------------------------+-------+-------++-------
 Cast: Foxfire           |    50 |    44 ||    94
       Scorch            |       |     9 ||     9
Armor: Robe              |     1 |       ||     1
Dodge: Dodged            |    12 |    10 ||    22
